Map: Galactic Process LE

Players

Fropez

  • Race: Protoss Protoss
  • League: Gold
  • Spawn Location: 7:00

Jrmikulec - Winner!

  • Race: Zerg Zerg
  • League: Gold
  • Spawn Location: 1:00

VOD

Have the link to the VOD?

Description

Time

  • Played on: Oct. 25, 2016, 3:50 p.m.
  • Length: 4:30
Show
View Real Time Build Order
Export as new Build Order

Fropez Protoss 

Build Orders: 1 Gate Expand 

Get SALT Encoding   

  12  0:01  Probe (Chrono Boost)  
  13  0:14  Pylon  
  13  0:17  Probe (Chrono Boost)  
  14  0:29  Probe (Chrono Boost)  
  14  0:33  Gateway  
  15  0:42  Probe (Chrono Boost)  
  16  0:58  Probe (Chrono Boost)  
  16  1:01  Assimilator  
  17  1:07  Gateway  
  17  1:09  Probe (Chrono Boost)  
  18  1:12  Assimilator  
  18  1:24  Probe (Chrono Boost)  
  19  1:38  Nexus  
  19  1:43  Assimilator  
  19  1:46  Probe (Chrono Boost)  
  20  1:56  Probe (Chrono Boost)  
  20  1:57  Pylon  
  21  2:07  Probe (Chrono Boost)  
  22  2:09  Pylon  
  22  2:23  Cybernetics Core  
  22  2:34  Pylon  
  22  2:37  Probe (Chrono Boost)  
  22  2:38  Pylon  
  23  2:48  Probe (Chrono Boost)  
  24  2:55  Probe (Chrono Boost)  
  25  3:02  Twilight Council  
  25  3:03  Probe (Chrono Boost)  
  25  3:05  Adept  
  28  3:10  Probe (Chrono Boost)  
  29  3:16  Mothership Core (Chrono Boost)  
  30  3:33  Probe (Chrono Boost)  
  31  3:34  Probe (Chrono Boost)  
  32  3:43  Probe  
  33  3:52  Probe  
  34  4:02  Gateway  
  34  4:03  Probe, Gateway  
  34  4:05  Probe  
  34  4:07  Pylon  
Show
View Real Time Build Order
Export as new Build Order

Jrmikulec Zerg - Winner!

Build Orders: Hatch First 

Get SALT Encoding   

  12  0:03  Drone  
  13  0:13  Drone  
  14  0:18  Overlord  
  14  0:37  Drone x3  
  17  0:56  Hatchery  
  16  0:59  Drone  
  16  1:02  Extractor  
  16  1:04  Drone  
  17  1:17  Spawning Pool  
  16  1:22  Drone  
  17  1:26  Drone  
  18  1:36  Drone  
  19  1:42  Overlord  
  19  1:55  Drone  
  20  2:03  Overlord  
  20  2:12  Queen  
  20  2:14  Queen  
  24  2:17  Zergling x4  
  26  2:24  Metabolic Boost  
  26  2:32  Drone x2  
  26  2:34  Drone  
  29  2:46  Drone x3  
  32  2:54  Drone  
  33  2:59  Drone  
  34  3:21  Zergling x8  
  38  3:32  Zergling x12  
  43  3:44  Overlord x2  
  42  3:58  Drone  
  42  3:59  Drone  
Tags
 
Add a new tag
Caveats
  • Supply blocks, unpowered buildings, or Contaminate may cause inaccurate times.
  • Supply counts are checked every 10 seconds.